MWL (24 & UNDER)
PLUMSTEAD EAGLES @ CINCINNATI PRIDE
08/11/2024
 
TOP OF THE 1ST
Plumstead Eagles batting - Pitching for Cincinnati Pride : RHP Rusty van Rhee
Pitching: RHP Rusty van Rhee
Batting: RHB Carlos Palomón 0-0: Swinging Strike
0-1: Ball
1-1: Swinging Strike
1-2: Strikes out swinging
Batting: RHB Donald Sanford 0-0: Called Strike
0-1: Ball
1-1: Foul Ball, location: 2F
1-2: Strikes out looking
Batting: RHB Howard Johnson 0-0: Swinging Strike
0-1: Ground out 6-3 (Groundball, 6)
Top of the 1st over - 0 run(s), 0 hit(s), 0 error(s), 0 left on base; Plumstead 0 - Cincinnati 0
BOTTOM OF THE 1ST
Cincinnati Pride batting - Pitching for Plumstead Eagles : RHP Luis Silva
Pitching: RHP Luis Silva
Batting: RHB Larry Booth 0-0: Swinging Strike
0-1: Ball
1-1: Fly out, F8 (Flyball, 8RM)
Batting: SHB Rafael Villa 0-0: Foul Ball, location: 2F
0-1: Ball
1-1: Fly out, F3 (Popup, 3SF)
Batting: RHB Michael Skinner 0-0: Foul Ball, location: 2F
0-1: Ball
1-1: Called Strike
1-2: Ball
2-2: Strikes out swinging
Bottom of the 1st over - 0 run(s), 0 hit(s), 0 error(s), 0 left on base; Plumstead 0 - Cincinnati 0
TOP OF THE 2ND
Plumstead Eagles batting - Pitching for Cincinnati Pride : RHP Rusty van Rhee
Batting: RHB Jaime Rodríguez 0-0: Called Strike
0-1: Ball
1-1: Called Strike
1-2: SINGLE (Groundball, 56D)
Batting: LHB António Salazar 0-0: Swinging Strike
0-1: Fly out, F7 (Flyball, 7M)
Batting: RHB Juan Caceres 0-0: Foul Ball, location: 2F
0-1: Swinging Strike
0-2: Strikes out swinging
Batting: RHB Ron King 0-0: Ball
1-0: Ground out 1-3 (Groundball, 15)
Top of the 2nd over - 0 run(s), 1 hit(s), 0 error(s), 1 left on base; Plumstead 0 - Cincinnati 0
BOTTOM OF THE 2ND
Cincinnati Pride batting - Pitching for Plumstead Eagles : RHP Luis Silva
Batting: RHB Roberto Chávez 0-0: Foul Ball, location: 2F
0-1: Called Strike
0-2: Ball
1-2: Ball
2-2: Ground out 6-3 (Groundball, 6)
Batting: RHB Randy Simons 0-0: Ball
1-0: Ground out 3-1 (Groundball, 34)
Batting: RHB Gabriel Villegas 0-0: Ball
1-0: Called Strike
1-1: Fly out, F6 (Popup, 6)
Bottom of the 2nd over - 0 run(s), 0 hit(s), 0 error(s), 0 left on base; Plumstead 0 - Cincinnati 0
TOP OF THE 3RD
Plumstead Eagles batting - Pitching for Cincinnati Pride : RHP Rusty van Rhee
Batting: RHB Louis Smith 0-0: Foul Ball, location: 2F
0-1: Called Strike
0-2: Ball
1-2: Ball
2-2: Strikes out swinging
Batting: RHB Don Turner 0-0: Ground out 1-3 (Groundball, 15)
Batting: RHB Carlos Palomón 0-0: Ground out 6-3 (Groundball, 6)
Top of the 3rd over - 0 run(s), 0 hit(s), 0 error(s), 0 left on base; Plumstead 0 - Cincinnati 0
BOTTOM OF THE 3RD
Cincinnati Pride batting - Pitching for Plumstead Eagles : RHP Luis Silva
Batting: LHB Marvin Morris 0-0: Called Strike
0-1: Ground out U3 (Groundball, 3L)
Batting: RHB Wilson Flores 0-0: Ball
1-0: Bunted foul
1-1: Ball
2-1: Foul Ball, location: 2F
2-2: Strikes out swinging
Batting: RHB Norris Howard 0-0: Swinging Strike
0-1: Foul Ball, location: 2F
0-2: Ball
1-2: Strikes out looking
Bottom of the 3rd over - 0 run(s), 0 hit(s), 0 error(s), 0 left on base; Plumstead 0 - Cincinnati 0
TOP OF THE 4TH
Plumstead Eagles batting - Pitching for Cincinnati Pride : RHP Rusty van Rhee
Batting: RHB Donald Sanford 0-0: Called Strike
0-1: Ball
1-1: Fly out, F9 (Flyball, 9S)
Batting: RHB Howard Johnson 0-0: Ball
1-0: Foul Ball, location: 2F
1-1: Foul Ball, location: 2F
1-2: Ball
2-2: Ball
3-2: Foul Ball, location: 2F
3-2: Foul Ball, location: 2F
3-2: Foul Ball, location: 2F
3-2: Base on Balls
Batting: RHB Jaime Rodríguez 0-0: Ball
1-0: Ball
2-0: Called Strike
2-1: Foul Ball, location: 2F
2-2: Fly out, F6 (Line Drive, 6)
Batting: LHB António Salazar 0-0: Ball
Howard Johnson steals 2nd base
1-0: Ball
2-0: Foul Ball, location: 2F
2-1: Ground out 4-3 (Groundball, 4)
Top of the 4th over - 0 run(s), 0 hit(s), 0 error(s), 1 left on base; Plumstead 0 - Cincinnati 0
BOTTOM OF THE 4TH
Cincinnati Pride batting - Pitching for Plumstead Eagles : RHP Luis Silva
Batting: RHB Larry Booth 0-0: Called Strike
0-1: SINGLE (Groundball, 56D)
Batting: SHB Rafael Villa 0-0: Called Strike
0-1: Foul Ball, location: 2F
0-2: Ball
1-2: Strikes out looking
Batting: RHB Michael Skinner 0-0: Ball
1-0: Called Strike
1-1: Fly out, F1 (Line Drive, 13)
Batting: RHB Roberto Chávez 0-0: Called Strike
0-1: Ball
1-1: SINGLE (Flyball, 89S)
Larry Booth to second
Runner from 2nd tries for 3rd, SAFE, throw made to third
Roberto Chávez to second
Batting: RHB Randy Simons 0-0: Called Strike
0-1: Foul Ball, location: 2F
0-2: Ball
1-2: Foul Ball, location: 2F
1-2: Foul Ball, location: 2F
1-2: Ball
2-2: Ball
3-2: Foul Ball, location: 2F
3-2: SINGLE (Line Drive, 7S)
Larry Booth scores
Roberto Chávez to third
Roberto Chávez scores
Batting: RHB Gabriel Villegas 0-0: Foul Ball, location: 2F
0-1: Ground out 6-3 (Groundball, 6)
Bottom of the 4th over - 2 run(s), 3 hit(s), 0 error(s), 1 left on base; Plumstead 0 - Cincinnati 2
TOP OF THE 5TH
Plumstead Eagles batting - Pitching for Cincinnati Pride : RHP Rusty van Rhee
Batting: RHB Juan Caceres 0-0: Ball
1-0: Called Strike
1-1: Foul Ball, location: 2F
1-2: Ball
2-2: Ball
3-2: Base on Balls
Batting: RHB Ron King 0-0: Foul Ball, location: 2F
0-1: Ball
1-1: Grounds into double play, 6-4-3 (Groundball, 6)
Batting: RHB Louis Smith 0-0: Ball
1-0: Called Strike
1-1: Foul Ball, location: 2F
1-2: Ball
2-2: Strikes out looking
Top of the 5th over - 0 run(s), 0 hit(s), 0 error(s), 0 left on base; Plumstead 0 - Cincinnati 2
BOTTOM OF THE 5TH
Cincinnati Pride batting - Pitching for Plumstead Eagles : RHP Luis Silva
Batting: LHB Marvin Morris 0-0: Called Strike
0-1: Hit by Pitch
Batting: RHB Wilson Flores 0-0: Ball
1-0: Ball
2-0: Ball
3-0: Base on Balls
Marvin Morris to second
Batting: RHB Norris Howard 0-0: Ball
1-0: Ball
2-0: Foul Ball, location: 2F
2-1: Swinging Strike
2-2: SINGLE (Groundball, 56D)
Marvin Morris to third
Wilson Flores to second
Runner from 3rd tries for Home, SAFE, no throw or cutoff
Batting: RHB Larry Booth 0-0: Ball
1-0: Called Strike
1-1: Foul Ball, location: 2F
1-2: Foul Ball, location: 2F
1-2: Foul Ball, location: 2F
1-2: Strikes out swinging
Batting: SHB Rafael Villa 0-0: Ball
1-0: Foul Ball, location: 2F
1-1: Swinging Strike
1-2: Ball
2-2: Foul Ball, location: 2F
2-2: Ball
3-2: DOUBLE (Line Drive, 9D)
Wilson Flores scores
Norris Howard to third
Runner from 3rd tries for Home, SAFE, throw made home
Batting: RHB Michael Skinner 0-0: Foul Ball, location: 2F
0-1: Ball
1-1: Called Strike
1-2: Fly out, F8 (Popup, 4D)
Batting: RHB Roberto Chávez 0-0: Ball
1-0: Foul Ball, location: 2F
1-1: Foul Ball, location: 2F
1-2: Ball
2-2: Ball
3-2: Strikes out swinging
Bottom of the 5th over - 3 run(s), 2 hit(s), 0 error(s), 1 left on base; Plumstead 0 - Cincinnati 5
TOP OF THE 6TH
Plumstead Eagles batting - Pitching for Cincinnati Pride : RHP Rusty van Rhee
Batting: RHB Don Turner 0-0: Swinging Strike
0-1: DOUBLE (Flyball, 9D)
Batting: RHB Carlos Palomón 0-0: Ball
1-0: Foul Ball, location: 2F
1-1: Ball
2-1: Foul Ball, location: 2F
2-2: Strikes out swinging
Batting: RHB Donald Sanford 0-0: Foul Ball, location: 2F
0-1: Ball
1-1: Ball
2-1: Foul Ball, location: 2F
2-2: Foul Ball, location: 2F
2-2: DOUBLE (Line Drive, 9LS)
Don Turner scores
Batting: RHB Howard Johnson 0-0: Ground out 6-3 (Groundball, 6M)
Donald Sanford to third
Batting: RHB Jaime Rodríguez 0-0: Ball
1-0: Called Strike
1-1: Ball
2-1: Foul Ball, location: 2F
2-2: Foul Ball, location: 2F
2-2: Foul Ball, location: 2F
2-2: Ball
3-2: Strikes out swinging
Top of the 6th over - 1 run(s), 2 hit(s), 0 error(s), 1 left on base; Plumstead 1 - Cincinnati 5
BOTTOM OF THE 6TH
Cincinnati Pride batting - Pitching for Plumstead Eagles : RHP Luis Silva
Pitching: LHP Ayres Carrasco
Batting: RHB Randy Simons 0-0: Ball
1-0: Ball
2-0: Ball
3-0: Called Strike
3-1: Called Strike
3-2: Foul Ball, location: 2F
3-2: Base on Balls
Batting: RHB Gabriel Villegas 0-0: Called Strike
0-1: Fly out, F8 (Flyball, 8LM)
Batting: LHB Marvin Morris 0-0: Ball
1-0: Called Strike
1-1: Swinging Strike
1-2: Foul Ball, location: 2F
1-2: Strikes out swinging
Batting: RHB Wilson Flores 0-0: Swinging Strike
0-1: Ball
1-1: Called Strike
1-2: Ball
2-2: Ground out 1-3 (Groundball, 13S)
Bottom of the 6th over - 0 run(s), 0 hit(s), 0 error(s), 1 left on base; Plumstead 1 - Cincinnati 5
TOP OF THE 7TH
Plumstead Eagles batting - Pitching for Cincinnati Pride : RHP Rusty van Rhee
Pitching: LHP Halewijn Tipping
Batting: LHB António Salazar 0-0: Ball
1-0: Called Strike
1-1: Foul Ball, location: 2F
1-2: Foul Ball, location: 2F
1-2: Foul Ball, location: 2F
1-2: Ball
2-2: Foul Ball, location: 2F
2-2: Foul Ball, location: 2F
2-2: Strikes out looking
Batting: RHB Juan Caceres 0-0: Ball
1-0: Foul Ball, location: 2F
1-1: Called Strike
1-2: Ball
2-2: Ball
3-2: Base on Balls
Batting: RHB Ron King 0-0: Swinging Strike
0-1: Swinging Strike
0-2: Strikes out swinging
Batting: RHB Louis Smith 0-0: Ball
1-0: Swinging Strike
1-1: Foul Ball, location: 2F
1-2: Ball
2-2: Foul Ball, location: 2F
2-2: Ball
3-2: Strikes out swinging
Top of the 7th over - 0 run(s), 0 hit(s), 0 error(s), 1 left on base; Plumstead 1 - Cincinnati 5
BOTTOM OF THE 7TH
Cincinnati Pride batting - Pitching for Plumstead Eagles : LHP Ayres Carrasco
Batting: RHB Norris Howard 0-0: Ball
1-0: Foul Ball, location: 2F
1-1: Ball
2-1: Foul Ball, location: 2F
2-2: Ball
3-2: Strikes out swinging
Batting: RHB Larry Booth 0-0: Swinging Strike
0-1: Ball
1-1: Foul Ball, location: 2F
1-2: Strikes out swinging
Batting: SHB Rafael Villa 0-0: Ball
1-0: Ball
2-0: Ball
3-0: Base on Balls
Batting: RHB Michael Skinner 0-0: Foul Ball, location: 2F
0-1: Ball
1-1: Ball
2-1: Foul Ball, location: 2F
2-2: Ball
Rafael Villa is caught stealing 2nd base
Bottom of the 7th over - 0 run(s), 0 hit(s), 0 error(s), 0 left on base; Plumstead 1 - Cincinnati 5
TOP OF THE 8TH
Plumstead Eagles batting - Pitching for Cincinnati Pride : LHP Halewijn Tipping
Batting: RHB Don Turner 0-0: Bunted foul
0-1: Ball
1-1: Fly out, F3 (Popup, 3SF)
Batting: RHB Carlos Palomón 0-0: Foul Ball, location: 2F
0-1: Ball
1-1: Ball
2-1: Called Strike
2-2: Fly out, F4 (Popup, 4)
Batting: RHB Donald Sanford 0-0: Ball
1-0: Called Strike
1-1: Ball
2-1: Foul Ball, location: 2F
2-2: Strikes out swinging
Top of the 8th over - 0 run(s), 0 hit(s), 0 error(s), 0 left on base; Plumstead 1 - Cincinnati 5
BOTTOM OF THE 8TH
Cincinnati Pride batting - Pitching for Plumstead Eagles : LHP Ayres Carrasco
Pitching: RHP Iván Márquez
Batting: RHB Michael Skinner 0-0: Called Strike
0-1: Foul Ball, location: 2F
0-2: Foul Ball, location: 2F
0-2: Ball
1-2: Ball
2-2: Ball
3-2: Base on Balls
Batting: RHB Roberto Chávez 0-0: Swinging Strike
0-1: Ball
1-1: Called Strike
1-2: Strikes out swinging
Batting: RHB Randy Simons 0-0: Called Strike
0-1: Foul Ball, location: 2F
0-2: Strikes out swinging
Batting: RHB Gabriel Villegas 0-0: Called Strike
Michael Skinner steals 2nd base
0-1: Ball
1-1: Foul Ball, location: 2F
1-2: Fly out, F8 (Flyball, 8RXD)
Bottom of the 8th over - 0 run(s), 0 hit(s), 0 error(s), 1 left on base; Plumstead 1 - Cincinnati 5
TOP OF THE 9TH
Plumstead Eagles batting - Pitching for Cincinnati Pride : LHP Halewijn Tipping
Batting: RHB Howard Johnson 0-0: Ball
1-0: Ground out 6-3 (Groundball, 6S)
Batting: RHB Jaime Rodríguez 0-0: Called Strike
0-1: Ball
1-1: DOUBLE (Flyball, 8LM)
Batting: LHB António Salazar 0-0: Called Strike
0-1: Fly out, F5 (Popup, 25F)
Batting: RHB Juan Caceres 0-0: Ball
1-0: Ground out 1-3 (Groundball, 13)
Top of the 9th over - 0 run(s), 1 hit(s), 0 error(s), 1 left on base; Plumstead 1 - Cincinnati 5
This league is powered by Out of the Park Baseball, the baseball management simulation game for PC, Mac and Linux
Saturday, April 9th, 2016 - OOTP Baseball 16.8 Build 38